 Dungeon Crawl Stone Soup version 0.21-a0-633-g4c047d5 (webtiles) character file.

37 Delita the Skirmisher (level 3, -1/33 HPs)
             Began as a Draconian Berserker on Dec 28, 2017.
             Was a Follower of Trog.
             Slain by a worm (7 damage)
             ... on level 2 of the Dungeon.
             The game lasted 00:07:12 (1420 turns).

Delita the Skirmisher (Draconian Berserker)         Turns: 1420, Time: 00:07:13

Health: -1/33      AC:  5    Str: 19    XL:     3   Next: 21%
Magic:  3/3        EV: 13    Int:  7    God:    Trog [*.....]
Gold:   35         SH:  0    Dex: 11    Spells: 2/2 levels left

rFire    . . .     SeeInvis .   e - +0 hand axe
rCold    . . .     Gourm    .   (no shield)
rNeg     . . .     Faith    .   (armour unavailable)
rPois    .         Spirit   .   (helmet restricted)
rElec    .         Reflect  .   (no cloak)
rCorr    .         Harm     .   (no gloves)
MR       .....                  (no boots)
Stlth    +.........             (no amulet)
HPRegen  0.11/turn              (no ring)
MPRegen  0.08/turn              (no ring)

@: no status effects
A: unfitting armour, cold-blooded, AC +5
a: Berserk, Burn Spellbooks, Renounce Religion


You were on level 2 of the Dungeon.
You worshipped Trog.
Trog was aware of your devotion.
You were not hungry.

You visited 1 branch of the dungeon, and saw 2 of its levels.

You collected 35 gold pieces.

Inventory:

Hand Weapons
 a - a +0 falchion
 e - a +0 hand axe (weapon)
 g - a +0 hunting sling
 i - a +0 club
 j - a +0 hunting sling
Missiles
 c - 69 stones
 h - 5 tomahawks (quivered)
 m - 18 sling bullets
Armour
 f - a +0 ring mail
Scrolls
 d - a scroll of identify {unknown}
Potions
 k - 2 potions of brilliance {unknown}
 l - a potion of flight {unknown}
Comestibles
 b - 3 rations


   Skills:
 + Level 3.7 Fighting
 + Level 3.4 Long Blades
 + Level 1.2 Axes
 + Level 2.9 Dodging


You had 2 spell levels left.
You didn't know any spells.

Dungeon Overview and Level Annotations

Branches:
Dungeon (2/15)

Altars:
Gozag


Innate Abilities, Weirdness & Mutations

Your plain brown scales are hard. (AC +5)
You cannot fit into any form of body armour.
You are cold-blooded and may be slowed by cold attacks.


Message History

The worm bites you.
You hit the worm.
The worm is moderately wounded.
You hit the worm. The worm bites you!
You hit the worm. You tail-slap the worm.
The worm is heavily wounded.
You hit the worm.
You kill the worm!
Trog accepts your kill.
You hit the worm.
The worm is severely wounded.
The worm bites you.
You hit the worm.
The worm is severely wounded.
The worm bites you.
* * * LOW HITPOINT WARNING * * *
You hit the worm.
The worm is almost dead.
The worm bites you!
You die...

.... #.# #.[# #.# #..#
##.# #..# ..# # #..# ...
.# #..#
#.#.#.#.#######... ###
#w#...#.........#.
.....###@#[#.######.##...
#....†.....# #.#####
##.###.#.#.# #.## #.#..#
#.#.##
#.#.#.######.###.###
#....# #...# ##..# ##.#.#
#.##.###.#.# #.#.# #.#
#.#.##.# #.#.# #.#
#.###.#


You could see a worm.

Vanquished Creatures
  2 worms (D:2)
  3 dart slugs
  A leopard gecko (D:1)
  A ball python (D:1)
  2 giant cockroaches (D:1)
  2 goblins (D:2)
  2 hobgoblins (D:1)
  2 quokkas (D:2)
  3 bats
  A frilled lizard (D:1)
  A kobold (D:1)
  3 rats
23 creatures vanquished.

Notes
Turn   | Place    | Note
-------+----------+-------------------------------------------
     0 | D:1      | Delita the Draconian Berserker began the quest for the Orb.
     0 | D:1      | Reached XP level 1. HP: 19/19 MP: 1/1
   223 | D:1      | Reached XP level 2. HP: 16/26 MP: 2/2
  1094 | D:2      | Found an opulent altar of Gozag.
  1154 | D:2      | Reached XP level 3. HP: 14/33 MP: 3/3
  1382 | D:2      | Reached skill level 1 in Axes
  1420 | D:2      | Slain by a worm

Vault maps used:
D:1:      lemuel_arrival_behind_the_door_large, minivault_5
D:2:      grunt_gozag_statues

Skill      XL: |  1  2  3 |
---------------+----------+-----
Axes           | 1 |  1.2
Fighting       | |  3.7
Long Blades    | |  3.4
Dodging        | |  2.9

Action                   || total
-------------------------++-------
Melee: Falchion          ||    14
       Hand axe          ||    50
       Tailslap          ||    10
Throw: Stone             ||     4
  Use: Potion            ||     3
       Scroll            ||     1
  Eat: Ration            ||     1
Armor: Skin              ||    29
Dodge: Dodged            ||    37
       Rpst.: Falchion   ||     2

Table legend:
 A = Spawn XP
 B = Non-spawn XP
 C = Spawn XP percentage of total XP
 D = Spawn monster count
 E = Non-spawn monster count
 F = Spawn count percentage of total count
 G = Total turns spent on level
                    A         B        C        D         E        F      G
               +---------+---------+-------+---------+---------+-------+---------
         Total |       0 |      53 |   0.0 |       0 |      23 |   0.0 |  1420
               +---------+---------+-------+---------+---------+-------+---------
           D:1 |       0 |      28 |   0.0 |       0 |      14 |   0.0 |  1041
           D:2 |       0 |      25 |   0.0 |       0 |       9 |   0.0 |   379
               +---------+---------+-------+---------+---------+-------+---------
